 Dungeon Crawl Stone Soup version 0.22-a0-322-g60b3cfd (webtiles) character file.

20 Kairos the Shield-Bearer (level 3, 29/29 HPs)
             Began as a Formicid Fighter on Apr 3, 2018.
             Got out of the dungeon alive.
             The game lasted 00:00:46 (511 turns).

Kairos the Shield-Bearer (Formicid Fighter)          Turns: 511, Time: 00:00:46

Health: 29/29      AC:  7    Str: 20    XL:     3   Next: 0%
Magic:  3/3        EV:  8    Int:  7    God:
Gold:   10         SH:  9    Dex: 11    Spells: 2/2 levels left

rFire    . . .     SeeInvis +   a - +0 quarterstaff
rCold    . . .     Gourm    .   c - +0 shield
rNeg     . . .     Faith    .   b - +0 scale mail
rPois    .         Spirit   .   (helmet unavailable)
rElec    .         Reflect  .   (no cloak)
rCorr    .         Harm     .   (no gloves)
MR       .....                  (no boots)
Stlth    ..........             (no amulet)
HPRegen  0.09/turn              (no ring)
MPRegen  0.08/turn              (no ring)

@: no status effects
A: permanent stasis, dig shafts and tunnels, four strong arms, antennae 3
a: Dig, Shaft Self


You escaped.
You were not hungry.

You visited 1 branch of the dungeon, and saw 1 of its levels.

You collected 10 gold pieces.

Inventory:

Hand Weapons
 a - a +0 quarterstaff (weapon)
Armour
 b - a +0 scale mail (worn)
 c - a +0 shield (worn)
Scrolls
 g - a scroll of identify {unknown}
Potions
 d - 2 potions of might
 e - a potion of resistance {unknown}
 h - a potion of brilliance {unknown}
Comestibles
 f - a ration


   Skills:
 + Level 3.5 Fighting
 + Level 2.0 Staves
 + Level 3.7 Armour
 + Level 4.1 Shields


You had 2 spell levels left.
You didn't know any spells.

Dungeon Overview and Level Annotations

Branches:
Dungeon (1/15)

Altars:


Innate Abilities, Weirdness & Mutations

You cannot be hasted, slowed, berserked, paralysed or teleported.
You can dig through walls and to a lower floor.
Your four strong arms can wield two-handed weapons with a shield.
You have a pair of large antennae on your head. (SInv)


Message History

Found 26 stones.
Found a ration.
You sense a monster nearby.
You can't go up here!
A goblin comes into view. It is wielding a dagger.
A rat comes into view.
You sock the rat!
You kill the rat!
You sock the goblin!
You kill the goblin!
You have reached level 3!
Your experience leads to an increase in your attributes!
Increase (S)trength, (I)ntelligence, or (D)exterity?
You feel agile.
You see here a hunting sling.
You see here a dagger.
You see here a club.
There is a staircase leading out of the dungeon here.
Are you sure you want to leave the Dungeon?
This will make you lose the game!
You have escaped!

...............>.....'....#
.....................####.#
...................### #.#
.......#..######...# #.#
.#.#####..######...# #.# #.
##........#.## #.# #
#.######.#..# #.#
#.#....#.#..## #.#
###.#.#.@#.##..# #.#
..........#.#)####.##..# ##.#
##.#.#.##.#.#......###.###..#
##.#.#.##.#.######## #..##..#
##.#.#.##.#..........#..##..#
...........)#######.........#
##.#.#.##...#######..##..#.##
##.#.#.##............ #....#
.................... ......#


There were no monsters in sight!

Vanquished Creatures
  4 goblins (D:1)
  2 hobgoblins (D:1)
  7 jackals (D:1)
  A bat (D:1)
  A frilled lizard (D:1)
  2 rats (D:1)
17 creatures vanquished.

Notes
Turn   | Place    | Note
-------+----------+-------------------------------------------
     0 | D:1      | Kairos the Formicid Fighter began the quest for the Orb.
     0 | D:1      | Reached XP level 1. HP: 18/18 MP: 1/1
    98 | D:1      | Reached XP level 2. HP: 16/24 MP: 2/2
   172 | D:1      | Reached skill level 4 in Shields
   453 | D:1      | Reached XP level 3. HP: 29/29 MP: 3/3
   511 | D:$      | Got out of the dungeon alive.

Vault maps used:
D:1:      zelgadis_glass_arrival_small

Skill      XL: |  1  2 |
---------------+-------+-----
Shields        | 4 |  4.1
Fighting       | |  3.5
Staves         | |  2.0
Armour         | |  3.7

Action                   || total
-------------------------++-------
Melee: Quarterstaff      ||    42
Armor: Scale mail        ||    21
Dodge: Dodged            ||    17
Block: Shield            ||    24

Table legend:
 A = Spawn XP
 B = Non-spawn XP
 C = Spawn XP percentage of total XP
 D = Spawn monster count
 E = Non-spawn monster count
 F = Spawn count percentage of total count
 G = Total turns spent on level
                    A         B        C        D         E        F      G
               +---------+---------+-------+---------+---------+-------+---------
         Total |       0 |      29 |   0.0 |       0 |      17 |   0.0 |   511
               +---------+---------+-------+---------+---------+-------+---------
           D:1 |       0 |      29 |   0.0 |       0 |      17 |   0.0 |   511
               +---------+---------+-------+---------+---------+-------+---------
